SNL (28 & UNDER)
MONTGOMERY BISCUITS @ BEAUMONT ROUGHNECKS
04/19/2026
 
TOP OF THE 1ST
Montgomery Biscuits batting - Pitching for New Hampshire Fisher Cats : LHP Artie Nelson
Pitching: LHP Artie Nelson
Batting: RHB Carlos Vásquez 0-0: Called Strike
0-1: Ball
1-1: Fly out, F5 (Line Drive, 5F)
Batting: RHB Warren Martin 0-0: Ball
1-0: Called Strike
1-1: Ball
2-1: Swinging Strike
2-2: Ball
3-2: Fly out, F7 (Flyball, 78M)
Batting: RHB Yujiro Kurihara 0-0: Called Strike
0-1: Swinging Strike
0-2: Ball
1-2: Ball
2-2: Foul Ball, location: 2F
2-2: Ball
3-2: Ground out 5-3 (Groundball, 5S)
Top of the 1st over - 0 run(s), 0 hit(s), 0 error(s), 0 left on base; Montgomery 0 - New Hampshire 0
BOTTOM OF THE 1ST
New Hampshire Fisher Cats batting - Pitching for Montgomery Biscuits : RHP Francisco Ríos
Pitching: RHP Francisco Ríos
Batting: SHB Ken Hernández 0-0: Called Strike
0-1: Ball
1-1: Ball
2-1: Ground out U3 (Groundball, 3S)
Batting: RHB Albert Alemán 0-0: Ball
1-0: Ball
2-0: Ball
3-0: Hit by Pitch
Batting: RHB Si-xun Li 0-0: Called Strike
0-1: Ball
1-1: Foul Ball, location: 2F
1-2: Ball
2-2: Hit by Pitch
Albert Alemán to second
Batting: LHB Tony Rivera 0-0: Ball
1-0: Called Strike
1-1: Swinging Strike
1-2: Ball
2-2: Ball
3-2: Grounds into double play, 5-4-3 (Groundball, 56)
Bottom of the 1st over - 0 run(s), 0 hit(s), 0 error(s), 1 left on base; Montgomery 0 - New Hampshire 0
TOP OF THE 2ND
Montgomery Biscuits batting - Pitching for New Hampshire Fisher Cats : LHP Artie Nelson
Batting: RHB Pete Smith 0-0: Foul Ball, location: 2F
0-1: Ball
1-1: Swinging Strike
1-2: SOLO HOME RUN (Flyball, 9LD), Distance : 353 ft
Pitching: RHP Troy Bannon
Batting: RHB Juan Díaz 0-0: Ground out 5-3 (Groundball, 5S)
Batting: RHB Raúl Alejándrez 0-0: SINGLE (Groundball, 4D)
Batting: LHB Brian MacIntosh 0-0: Fielders Choice at 2nd, 3-6 (Groundball, 3)
Batting: SHB Jack Estes 0-0: Called Strike
0-1: Called Strike
0-2: Foul Ball, location: 2F
0-2: Ball
1-2: Ball
2-2: Ground out 4-3 (Groundball, 4)
Top of the 2nd over - 1 run(s), 2 hit(s), 0 error(s), 1 left on base; Montgomery 1 - New Hampshire 0
BOTTOM OF THE 2ND
New Hampshire Fisher Cats batting - Pitching for Montgomery Biscuits : RHP Francisco Ríos
Batting: LHB Cam Flowers 0-0: Ball
1-0: Called Strike
1-1: Ball
2-1: Fly out, F4 (Line Drive, 4)
Batting: RHB Darwin Crane 0-0: Swinging Strike
0-1: Swinging Strike
0-2: Strikes out swinging passed ball, reaches first!
Batting: RHB Steve Garneys 0-0: Swinging Strike
0-1: Ground out 4-3 (Groundball, 4M)
Darwin Crane to second
Batting: RHB Michael Kent 0-0: SINGLE (Groundball, 4MD)
Darwin Crane to third
Runner from 3rd tries for Home, SAFE, no throw or cutoff
Batting: RHB José Sánchez 0-0: Foul Ball, location: 2F
0-1: Swinging Strike
0-2: Ball
1-2: Foul Ball, location: 2F
1-2: Strikes out swinging
Bottom of the 2nd over - 1 run(s), 1 hit(s), 0 error(s), 1 left on base; Montgomery 1 - New Hampshire 1
TOP OF THE 3RD
Montgomery Biscuits batting - Pitching for New Hampshire Fisher Cats : RHP Troy Bannon
Batting: LHB António Fernández 0-0: SINGLE (Flyball, 7LS)
Batting: RHB Carlos Vásquez 0-0: Called Strike
0-1: Ball
1-1: Ball
2-1: Fly out, F8 (Flyball, 8LXD)
Batting: RHB Warren Martin 0-0: Called Strike
0-1: Ball
1-1: Ball
2-1: Fly out, F8 (Line Drive, 8RXD)
Batting: RHB Yujiro Kurihara 0-0: Called Strike
0-1: Fly out, F8 (Flyball, 8RM)
Top of the 3rd over - 0 run(s), 1 hit(s), 0 error(s), 1 left on base; Montgomery 1 - New Hampshire 1
BOTTOM OF THE 3RD
New Hampshire Fisher Cats batting - Pitching for Montgomery Biscuits : RHP Francisco Ríos
Batting: SHB Ken Hernández 0-0: Ball
1-0: Ball
2-0: Ball
3-0: Called Strike
3-1: Base on Balls
Batting: RHB Albert Alemán 0-0: Fly out, F8 (Flyball, 8RM)
Batting: RHB Si-xun Li 0-0: Ball
1-0: Foul Ball, location: 2F
1-1: Ball
2-1: Fly out, F7 (Flyball, 7LS)
Batting: LHB Tony Rivera 0-0: Foul Ball, location: 2F
0-1: Ball
1-1: Foul Ball, location: 2F
1-2: Fielders Choice at 2nd, 5-4 (Groundball, 56)
Bottom of the 3rd over - 0 run(s), 0 hit(s), 0 error(s), 0 left on base; Montgomery 1 - New Hampshire 1
TOP OF THE 4TH
Montgomery Biscuits batting - Pitching for New Hampshire Fisher Cats : RHP Troy Bannon
Batting: RHB Pete Smith 0-0: Foul Ball, location: 2F
0-1: Ball
1-1: Ball
2-1: Foul Ball, location: 2F
2-2: DOUBLE (Line Drive, 5L)
Pitching: RHP Grady Connolly
Batting: RHB Juan Díaz 0-0: Ball
1-0: Swinging Strike
1-1: Ball
2-1: Foul Ball, location: 2F
2-2: Strikes out swinging
Batting: RHB Raúl Alejándrez 0-0: Ball
1-0: Foul Ball, location: 2F
1-1: Foul Ball, location: 2F
1-2: Strikes out swinging
Batting: LHB Brian MacIntosh 0-0: Called Strike
0-1: Ball
1-1: Foul Ball, location: 2F
1-2: Ball
2-2: Strikes out looking
Top of the 4th over - 0 run(s), 1 hit(s), 0 error(s), 1 left on base; Montgomery 1 - New Hampshire 1
BOTTOM OF THE 4TH
New Hampshire Fisher Cats batting - Pitching for Montgomery Biscuits : RHP Francisco Ríos
Batting: LHB Cam Flowers 0-0: Called Strike
0-1: Called Strike
0-2: Fly out, F8 (Flyball, 8RD)
Batting: RHB Darwin Crane 0-0: Swinging Strike
0-1: Foul Ball, location: 2F
0-2: Ball
1-2: Foul Ball, location: 2F
1-2: Foul Ball, location: 2F
1-2: Ball
2-2: Fly out, F6 (Line Drive, 6M)
Batting: RHB Steve Garneys 0-0: Called Strike
0-1: Ball
1-1: Foul Ball, location: 2F
1-2: Foul Ball, location: 2F
1-2: Ground out 6-3 (Groundball, 6)
Bottom of the 4th over - 0 run(s), 0 hit(s), 0 error(s), 0 left on base; Montgomery 1 - New Hampshire 1
TOP OF THE 5TH
Montgomery Biscuits batting - Pitching for New Hampshire Fisher Cats : RHP Grady Connolly
Batting: SHB Jack Estes 0-0: Ball
1-0: Swinging Strike
1-1: Foul Ball, location: 2F
1-2: Foul Ball, location: 2F
1-2: Ball
2-2: Foul Ball, location: 2F
2-2: Strikes out looking
Pitching: LHP David Richardson
Batting: LHB António Fernández 0-0: Foul Ball, location: 2F
0-1: Ball
1-1: Foul Ball, location: 2F
1-2: Ball
2-2: Strikes out swinging
Batting: RHB Carlos Vásquez 0-0: Ball
1-0: Foul Ball, location: 2F
1-1: Ball
2-1: Fly out, F6 (Popup, 5D)
Top of the 5th over - 0 run(s), 0 hit(s), 0 error(s), 0 left on base; Montgomery 1 - New Hampshire 1
BOTTOM OF THE 5TH
New Hampshire Fisher Cats batting - Pitching for Montgomery Biscuits : RHP Francisco Ríos
Batting: RHB Michael Kent 0-0: Hit by Pitch
Batting: RHB José Sánchez 0-0: Called Strike
0-1: Foul Ball, location: 2F
0-2: Strikes out looking
Batting: SHB Ken Hernández 0-0: Ball
1-0: Ball
2-0: Ball
3-0: Called Strike
3-1: Base on Balls
Michael Kent to second
Batting: RHB Albert Alemán 0-0: Swinging Strike
0-1: Ball
1-1: Ball
2-1: Ball
3-1: SINGLE (Flyball, 8RS)
Michael Kent to third
Ken Hernández to second
Runner from 3rd tries for Home, SAFE, throw made home
Batting: RHB Si-xun Li 0-0: Ball
Ken Hernández is caught stealing 3rd base
Albert Alemán to second
1-0: Foul Ball, location: 2F
1-1: Ball
2-1: Foul Ball, location: 2F
2-2: Strikes out looking
Bottom of the 5th over - 1 run(s), 1 hit(s), 0 error(s), 1 left on base; Montgomery 1 - New Hampshire 2
TOP OF THE 6TH
Montgomery Biscuits batting - Pitching for New Hampshire Fisher Cats : LHP David Richardson
Batting: RHB Warren Martin 0-0: Ball
1-0: Ball
2-0: Ground out 1-3 (Groundball, 15)
Batting: RHB Yujiro Kurihara 0-0: Swinging Strike
0-1: Ball
1-1: SINGLE (Groundball, 4D)
Batting: RHB Pete Smith 0-0: Ball
1-0: Foul Ball, location: 2F
1-1: Foul Ball, location: 2F
1-2: Strikes out swinging
Batting: RHB Juan Díaz 0-0: Ground out 4-3 (Groundball, 4)
Top of the 6th over - 0 run(s), 1 hit(s), 0 error(s), 1 left on base; Montgomery 1 - New Hampshire 2
BOTTOM OF THE 6TH
New Hampshire Fisher Cats batting - Pitching for Montgomery Biscuits : RHP Francisco Ríos
Pitching: RHP Rick Grant
Batting: LHB Tony Rivera 0-0: Ball
1-0: Foul Ball, location: 2F
1-1: Ball
2-1: Foul Ball, location: 2F
2-2: SINGLE (Groundball, 56D)
Batting: LHB Cam Flowers 0-0: Called Strike
0-1: Swinging Strike
0-2: Ball
1-2: Strikes out swinging
Batting: RHB Darwin Crane 0-0: Swinging Strike
0-1: SINGLE (Groundball, 4D)
Tony Rivera to second
Runner from 2nd tries for 3rd, SAFE, no throw or cutoff
Batting: RHB Steve Garneys 0-0: Ball
1-0: Ball
2-0: Called Strike
2-1: Called Strike
2-2: Strikes out swinging
Batting: RHB Michael Kent 0-0: Swinging Strike
0-1: SINGLE (Groundball, 4M)
Tony Rivera scores
Darwin Crane to second
Runner from 2nd tries for 3rd, SAFE, throw made to third
Batting: RHB José Sánchez 0-0: Ball
1-0: Fly out, F8 (Flyball, 8RM)
Bottom of the 6th over - 1 run(s), 3 hit(s), 0 error(s), 2 left on base; Montgomery 1 - New Hampshire 3
TOP OF THE 7TH
Montgomery Biscuits batting - Pitching for New Hampshire Fisher Cats : LHP David Richardson
Batting: RHB Raúl Alejándrez 0-0: Ground out 5-3 (Groundball, 56)
Batting: LHB Brian MacIntosh 0-0: Foul Ball, location: 2F
0-1: Ground out 1-3 (Groundball, 13S)
Batting: SHB Jack Estes 0-0: Called Strike
0-1: Swinging Strike
0-2: Ball
1-2: Ball
2-2: Strikes out swinging
Top of the 7th over - 0 run(s), 0 hit(s), 0 error(s), 0 left on base; Montgomery 1 - New Hampshire 3
BOTTOM OF THE 7TH
New Hampshire Fisher Cats batting - Pitching for Montgomery Biscuits : RHP Rick Grant
Batting: SHB Ken Hernández 0-0: Called Strike
0-1: Ball
1-1: Foul Ball, location: 2F
1-2: Ball
2-2: Ground out 5-3 (Groundball, 5S)
Batting: RHB Albert Alemán 0-0: Called Strike
0-1: Ball
1-1: Foul Ball, location: 2F
1-2: Foul Ball, location: 2F
1-2: Strikes out swinging
Batting: RHB Si-xun Li 0-0: Ball
1-0: Called Strike
1-1: Ball
2-1: Swinging Strike
2-2: Foul Ball, location: 2F
2-2: Foul Ball, location: 2F
2-2: Strikes out swinging
Bottom of the 7th over - 0 run(s), 0 hit(s), 0 error(s), 0 left on base; Montgomery 1 - New Hampshire 3
TOP OF THE 8TH
Montgomery Biscuits batting - Pitching for New Hampshire Fisher Cats : LHP David Richardson
Batting: LHB António Fernández 0-0: Ball
1-0: Called Strike
1-1: Foul Ball, location: 2F
1-2: Ball
2-2: Foul Ball, location: 2F
2-2: Strikes out looking
Pitching: RHP Jesús Ortíz
Batting: RHB Carlos Vásquez 0-0: Called Strike
0-1: Called Strike
0-2: Ball
1-2: Foul Ball, location: 2F
1-2: Ball
2-2: Foul Ball, location: 2F
2-2: Foul Ball, location: 2F
2-2: Ball
3-2: Foul Ball, location: 2F
3-2: Foul Ball, location: 2F
3-2: Strikes out swinging
Batting: RHB Warren Martin 0-0: Ball
1-0: SINGLE (Line Drive, 89S)
Batting: RHB Yujiro Kurihara 0-0: Called Strike
0-1: Ball
1-1: Ball
2-1: Called Strike
2-2: Strikes out looking
Top of the 8th over - 0 run(s), 1 hit(s), 0 error(s), 1 left on base; Montgomery 1 - New Hampshire 3
BOTTOM OF THE 8TH
New Hampshire Fisher Cats batting - Pitching for Montgomery Biscuits : RHP Rick Grant
Pitching: RHP Félix Andrade
Batting: LHB Tony Rivera 0-0: Ball
1-0: Called Strike
1-1: Ground out U3 (Groundball, 3S)
Batting: LHB Cam Flowers 0-0: Ground out 4-3 (Groundball, 4M)
Batting: RHB Darwin Crane 0-0: Ball
1-0: Called Strike
1-1: Ground out 5-3 (Groundball, 5)
Bottom of the 8th over - 0 run(s), 0 hit(s), 0 error(s), 0 left on base; Montgomery 1 - New Hampshire 3
TOP OF THE 9TH
Montgomery Biscuits batting - Pitching for New Hampshire Fisher Cats : RHP Jesús Ortíz
Pitching: RHP Gustavo Rodríguez
Batting: RHB Pete Smith 0-0: Foul Ball, location: 2F
0-1: Called Strike
0-2: Ball
1-2: Foul Ball, location: 2F
1-2: Ball
2-2: Foul Ball, location: 2F
2-2: Ball
3-2: Base on Balls
Batting: RHB Juan Díaz 0-0: DOUBLE (Flyball, 9D)
Pete Smith to third
Batting: RHB Raúl Alejándrez 0-0: Called Strike
0-1: Called Strike
0-2: Ball
1-2: Ball
2-2: Strikes out swinging
Batting: LHB Brian MacIntosh 0-0: Called Strike
0-1: Foul Ball, location: 2F
0-2: Strikes out looking
Batting: SHB Jack Estes 0-0: SINGLE (Line Drive, 56D)
Pete Smith scores
Juan Díaz to third
Runner from 3rd tries for Home, SAFE, no throw or cutoff
Batting: LHB António Fernández 0-0: Called Strike
0-1: Ball
1-1: Ball
2-1: Swinging Strike
2-2: Ground out 3-1 (Groundball, 3)
Top of the 9th over - 2 run(s), 2 hit(s), 0 error(s), 1 left on base; Montgomery 3 - New Hampshire 3
BOTTOM OF THE 9TH
New Hampshire Fisher Cats batting - Pitching for Montgomery Biscuits : RHP Félix Andrade
Pinch Hitting: SHB Lester Olsen 0-0: Called Strike
0-1: Ball
1-1: Swinging Strike
1-2: SINGLE (Line Drive, 8RS)
Batting: RHB Michael Kent 0-0: Ball
1-0: Fly out, F9 (Flyball, 89S)
Batting: RHB José Sánchez 0-0: Foul Ball, location: 2F
0-1: Fielders Choice at 2nd, 1-6 (Groundball, 15)
Batting: SHB Ken Hernández 0-0: Called Strike
0-1: Swinging Strike
0-2: Foul Ball, location: 2F
0-2: Foul Ball, location: 2F
0-2: Ground out 4-3 (Groundball, 34)
Bottom of the 9th over - 0 run(s), 1 hit(s), 0 error(s), 1 left on base; Montgomery 3 - New Hampshire 3
TOP OF THE 10TH
Montgomery Biscuits batting - Pitching for New Hampshire Fisher Cats : RHP Gustavo Rodríguez
Now in LF: Benjamin Lawson
Batting: RHB Carlos Vásquez 0-0: Ball
1-0: Called Strike
1-1: SINGLE (Groundball, 56)
Pitching: RHP Dave Hammond
Batting: RHB Warren Martin 0-0: Ball
1-0: Called Strike
1-1: Sac Bunt - play at first, batter OUT! 3-4
Carlos Vásquez to second
Batting: RHB Yujiro Kurihara 0-0: Intentional Walk
Batting: RHB Pete Smith 0-0: Swinging Strike
0-1: Ground out 5-3 (Groundball, 5S)
Carlos Vásquez to third
Yujiro Kurihara to second
Batting: RHB Juan Díaz 0-0: Called Strike
0-1: Foul Ball, location: 2F
0-2: Ball
1-2: Fly out, F8 (Flyball, 8LD)
Top of the 10th over - 0 run(s), 1 hit(s), 0 error(s), 2 left on base; Montgomery 3 - New Hampshire 3
BOTTOM OF THE 10TH
New Hampshire Fisher Cats batting - Pitching for Montgomery Biscuits : RHP Félix Andrade
Batting: RHB Albert Alemán 0-0: Ball
1-0: Called Strike
1-1: Ball
2-1: Fly out, F8 (Flyball, 8LXD)
Batting: RHB Si-xun Li 0-0: Fly out, F3 (Popup, 3F)
Batting: LHB Tony Rivera 0-0: Called Strike
0-1: Ball
1-1: Foul Ball, location: 2F
1-2: Fly out, F7 (Flyball, 78S)
Bottom of the 10th over - 0 run(s), 0 hit(s), 0 error(s), 0 left on base; Montgomery 3 - New Hampshire 3
TOP OF THE 11TH
Montgomery Biscuits batting - Pitching for New Hampshire Fisher Cats : RHP Dave Hammond
Batting: RHB Raúl Alejándrez 0-0: Called Strike
0-1: Ball
1-1: Reached on Error, E9 (Line Drive, 9S)
Batting: LHB Brian MacIntosh 0-0: Sac Bunt - play at first, batter OUT! 2-3
Raúl Alejándrez to second
Batting: SHB Jack Estes 0-0: Intentional Walk
Pitching: RHP Jeff Thompson
Batting: LHB António Fernández 0-0: Ball
1-0: Foul Ball, location: 2F
1-1: Ball
Wild Pitch!
Raúl Alejándrez to third
Jack Estes to second
2-1: Ball
3-1: DOUBLE (Flyball, 8RM)
Raúl Alejándrez scores
Jack Estes scores
Batting: RHB Carlos Vásquez 0-0: Called Strike
0-1: Swinging Strike
0-2: Foul Ball, location: 2F
0-2: Ball
1-2: Ball
2-2: Ball
Wild Pitch!
António Fernández to third
3-2: Foul Ball, location: 2F
3-2: Foul Ball, location: 2F
3-2: SINGLE (Groundball, 56D)
António Fernández scores
Batting: RHB Warren Martin 0-0: Ball
1-0: Ball
2-0: SINGLE (Groundball, 13) (infield hit)
Carlos Vásquez to second
Batting: RHB Yujiro Kurihara 0-0: Hit by Pitch
Carlos Vásquez to third
Warren Martin to second
Batting: RHB Pete Smith 0-0: Ball
1-0: Ball
2-0: Ball
3-0: Base on Balls
Carlos Vásquez scores
Warren Martin to third
Yujiro Kurihara to second
Pitching: LHP Paul Adams
Batting: RHB Juan Díaz 0-0: Swinging Strike
0-1: Foul Ball, location: 2F
0-2: Ball
1-2: Strikes out swinging
Batting: RHB Raúl Alejándrez 0-0: Ball
1-0: Called Strike
1-1: Swinging Strike
1-2: Fielders Choice at 2nd, 5-4 (Groundball, 56)
Top of the 11th over - 4 run(s), 3 hit(s), 1 error(s), 2 left on base; Montgomery 7 - New Hampshire 3
BOTTOM OF THE 11TH
New Hampshire Fisher Cats batting - Pitching for Montgomery Biscuits : RHP Félix Andrade
Batting: LHB Cam Flowers 0-0: Ball
1-0: Ball
2-0: Called Strike
2-1: Called Strike
2-2: Fly out, F9 (Flyball, 9LSF)
Batting: RHB Darwin Crane 0-0: Ball
1-0: Ball
2-0: Fly out, F3 (Popup, 34S)
Batting: RHB Benjamin Lawson 0-0: Ball
1-0: Ball
2-0: Swinging Strike
2-1: Called Strike
2-2: Ball
3-2: Foul Ball, location: 2F
3-2: Foul Ball, location: 2F
3-2: SINGLE (Groundball, 6MD)
Pitching: LHP Tony García
Batting: RHB Michael Kent 0-0: Called Strike
0-1: Swinging Strike
0-2: Ball
1-2: Fly out, F8 (Flyball, 8RM)
Bottom of the 11th over - 0 run(s), 1 hit(s), 0 error(s), 1 left on base; Montgomery 7 - New Hampshire 3
Monday, December 5th, 2016 - OOTP Baseball 17.12 Build 75